Map: Whispers of Gold

Players

Hokesh

  • Race: Protoss Protoss
  • League: Diamond
  • Spawn Location: 9:00

wootwoot - Winner!

  • Race: Protoss Protoss
  • League: Platinum
  • Spawn Location: 5:00

VOD

Have the link to the VOD?

Description

Time

  • Played on: April 1, 2025, 10:38 p.m.
  • Length: 3:49
Show
View Real Time Build Order
Export as new Build Order

Hokesh Protoss 

Build Orders:  

Get SALT Encoding   

  1  0:00  Probe  
  12  0:04  Probe  
  14  0:14  Probe  
  15  0:22  Pylon  
  15  0:28  Assimilator  
  15  0:41  Gateway  
  15  0:44  Probe  
  16  0:55  Probe  
  17  1:03  Probe  
  17  1:11  Probe  
  18  1:13  Assimilator  
  19  1:22  Pylon, Probe  
  20  1:29  Cybernetics Core  
  20  1:34  Probe  
  21  1:44  Gateway  
  21  1:46  Probe  
  22  1:55  Stalker  
  22  1:59  Probe  
  23  2:05  Robotics Facility  
  25  2:13  Pylon  
  25  2:21  Stalker  
  26  2:47  Immortal  
  22  3:16  Pylon  
  21  3:21  Probe  
  20  3:33  Probe  
Show
View Real Time Build Order
Export as new Build Order

wootwoot Protoss - Winner!

Build Orders:  

Get SALT Encoding   

  12  0:00  Probe  
  13  0:13  Probe  
  14  0:19  Pylon  
  14  0:25  Probe  
  15  0:38  Gateway  
  15  0:41  Assimilator  
  15  0:49  Pylon  
  15  1:07  Gateway  
  15  1:14  Gateway  
  15  1:29  Cybernetics Core  
  15  1:34  Probe  
  16  1:46  Probe  
  17  1:49  Warp Gate  
  17  1:54  Stalker x2  
  21  2:20  Stalker  
  23  2:30  Pylon  
  23  2:56  Stalker x2  
  27  3:15  Gateway  
  25  3:43  Stalker x2, Zealot  
Tags
 
Matchup
PvP
Replay Pack
B2M-Replays
Spawn Locations
Cross Positions
Add a new tag
Caveats
  • Supply blocks, unpowered buildings, or Contaminate may cause inaccurate times.
  • Supply counts are checked every 10 seconds.